Map: 国王藏宝地-天梯版

Players

eGGz

  • Race: Zerg Zerg
  • League: Master

Toodming - Winner!

  • Race: Zerg Zerg
  • League: Gold

Event: WESG 2018 Grand Finals

VOD

Have the link to the VOD?

Description

Time

  • Played on: March 12, 2019, 5:39 a.m.
  • Length: 11:42

All games in this series

Show
View Real Time Build Order
Export as new Build Order

eGGz Zerg 

Build Orders: Hatch First 

Get SALT Encoding   

  12  0:02  Drone  
  13  0:14  Overlord  
  13  0:18  Drone  
  14  0:33  Drone  
  14  0:34  Drone  
  16  0:44  Drone  
  17  0:55  Hatchery  
  16  0:57  Drone  
  16  1:00  Drone  
  16  1:03  Extractor  
  17  1:15  Spawning Pool  
  16  1:18  Drone  
  16  1:22  Drone  
  18  1:30  Drone  
  19  1:42  Overlord  
  19  1:53  Drone  
  20  2:02  Queen  
  20  2:06  Queen  
  20  2:07  Zergling x4  
  26  2:14  Drone  
  27  2:18  Drone  
  28  2:24  Drone  
  28  2:29  Baneling Nest, Drone  
  29  2:36  Drone  
  30  2:38  Lair  
  30  2:44  Drone  
  31  2:53  Overlord, Queen  
  33  3:00  Drone x2  
  33  3:03  Drone  
  36  3:12  Drone  
  37  3:14  Zergling x2  
  37  3:16  Drone x2  
  40  3:21  Drone  
  40  3:22  Extractor  
  40  3:23  Extractor  
  40  3:24  Overlord  
  40  3:25  Drone  
  40  3:26  Drone  
  40  3:35  Baneling x2  
  40  3:36  Drone x2  
  40  3:37  Drone  
  44  3:48  Zergling x2  
  44  3:49  Extractor  
  43  3:57  Spire, Drone x4  
  43  3:58  Drone  
  47  4:08  Drone x3  
  50  4:12  Baneling  
  50  4:14  Drone  
  51  4:17  Drone  
  52  4:29  Overlord  
  52  4:45  Overlord, Baneling  
  51  4:48  Baneling  
  51  4:50  Overlord  
  50  4:53  Drone x2  
  50  4:54  Zergling x4  
  54  5:00  Overlord  
  54  5:08  Mutalisk x3  
  54  5:09  Mutalisk x3  
  54  5:11  Mutalisk  
  68  5:21  Metabolic Boost  
  68  5:30  Hatchery  
  66  5:38  Mutalisk  
  66  5:39  Mutalisk  
  68  5:45  Zergling x2  
  68  5:46  Zergling x10  
  74  5:55  Hatchery  
  74  5:56  Mutalisk x2  
  76  6:13  Mutalisk  
  76  6:15  Overlord  
  78  6:20  Overlord  
  78  6:24  Zergling x2  
  78  6:25  Zergling x8  
  83  6:26  Overlord  
  83  6:27  Zerg Flyer Weapons Level 1  
  83  6:29  Overlord  
  83  6:33  Overlord, Baneling  
  83  6:41  Zergling x2  
  83  6:42  Zergling x4  
  86  6:50  Zergling x10  
  88  6:54  Mutalisk x2  
  88  6:55  Mutalisk  
  88  7:00  Evolution Chamber, Drone  
  94  7:09  Drone x3  
  94  7:13  Mutalisk  
  99  7:18  Zergling x2  
  99  7:19  Zergling x10, Extractor  
  99  7:20  Extractor  
  99  7:22  Mutalisk  
  97  7:36  Zergling x4  
  97  7:37  Zergling x4  
  93  7:41  Overlord  
  93  7:43  Drone x3  
  86  7:51  Drone  
  86  7:52  Drone x2, Mutalisk x2  
  92  8:02  Baneling x2  
  92  8:06  Mutalisk x3  
  98  8:12  Mutalisk  
  98  8:13  Mutalisk  
  98  8:18  Zergling x4  
  98  8:19  Zergling x2  
  104  8:22  Zerg Melee Weapons Level 1  
  104  8:33  Mutalisk x2  
  107  8:44  Zergling x6  
  107  8:45  Zergling x8  
  107  8:48  Mutalisk x2  
  108  8:53  Zerg Flyer Armor Level 1  
  111  9:07  Overlord  
  111  9:09  Overlord  
  111  9:10  Overlord  
  111  9:14  Overlord  
  111  9:23  Overlord  
  109  9:33  Mutalisk  
  109  9:34  Mutalisk x5  
  113  9:44  Drone x3, Mutalisk  
  118  9:46  Mutalisk  
  118  9:49  Zergling x2  
  118  9:51  Zergling x2  
  122  9:54  Mutalisk  
  122  9:59  Mutalisk  
  126  10:05  Zergling x4  
  126  10:06  Zergling x4  
  130  10:15  Zergling x6  
  130  10:16  Zergling x6  
  130  10:21  Baneling x2  
  136  10:24  Mutalisk x2  
  136  10:28  Mutalisk  
  142  10:35  Mutalisk  
  142  10:38  Overlord  
  141  10:44  Mutalisk x2  
  141  10:45  Mutalisk  
  131  10:56  Zergling x14  
  131  10:57  Zergling x4  
  118  11:01  Mutalisk  
  112  11:07  Mutalisk x2  
  108  11:20  Zergling x6  
  108  11:21  Zergling x12  
  108  11:25  Spore Crawler  
Show
View Real Time Build Order
Export as new Build Order

Toodming Zerg - Winner!

Build Orders: Hatch First 

Get SALT Encoding   

  12  0:00  Drone  
  13  0:12  Overlord  
  13  0:18  Drone  
  14  0:31  Drone x2  
  16  0:51  Hatchery  
  16  0:52  Drone  
  16  0:57  Drone  
  17  1:00  Drone  
  18  1:10  Extractor  
  17  1:16  Spawning Pool  
  17  1:18  Drone  
  17  1:22  Drone  
  18  1:28  Drone  
  19  1:40  Overlord  
  19  1:51  Drone  
  20  2:03  Queen x2  
  20  2:04  Zergling x4  
  26  2:10  Metabolic Boost  
  26  2:13  Drone  
  27  2:16  Drone  
  28  2:23  Drone  
  28  2:25  Drone  
  30  2:40  Hatchery  
  29  2:44  Zergling x2  
  29  2:46  Zergling x2  
  31  2:51  Baneling Nest  
  31  2:55  Overlord  
  30  2:59  Drone  
  30  3:00  Drone  
  30  3:04  Drone  
  33  3:06  Drone  
  34  3:15  Zergling x6  
  34  3:18  Zergling x2  
  38  3:22  Zergling x4  
  41  3:27  Zergling x4  
  42  3:35  Baneling x2  
  42  3:36  Baneling x2  
  42  3:37  Overlord  
  42  3:41  Drone  
  43  3:43  Drone  
  44  3:51  Overlord  
  43  4:01  Drone x3  
  43  4:02  Queen  
  46  4:08  Lair  
  48  4:10  Drone x2  
  48  4:15  Drone x2  
  52  4:17  Drone  
  52  4:24  Drone  
  53  4:29  Drone  
  53  4:30  Overlord  
  53  4:31  Extractor  
  53  4:32  Drone x3, Extractor  
  53  4:36  Drone x2  
  56  4:45  Drone x2  
  56  4:46  Drone x2  
  56  4:48  Baneling  
  56  4:51  Drone x2  
  56  4:52  Drone x2  
  63  4:53  Extractor x2  
  63  4:57  Drone x3  
  63  4:58  Drone  
  64  5:03  Overlord  
  64  5:04  Drone x2  
  66  5:14  Spire  
  66  5:19  Overlord, Zergling x2  
  66  5:20  Overlord  
  65  5:29  Zergling x14  
  70  5:40  Zergling x14  
  76  5:43  Spore Crawler  
  76  5:46  Spore Crawler  
  76  5:48  Spore Crawler  
  73  5:53  Overlord x2  
  71  6:15  Drone x3, Extractor  
  71  6:16  Drone  
  71  6:17  Overlord x3  
  74  6:29  Zerg Flyer Armor Level 1  
  74  6:30  Mutalisk x5  
  84  6:39  Mutalisk x3  
  83  6:41  Mutalisk  
  91  6:53  Mutalisk x2  
  90  7:01  Mutalisk  
  88  7:04  Zergling x2  
  88  7:05  Zergling x16  
  88  7:07  Mutalisk  
  101  7:13  Mutalisk  
  102  7:29  Mutalisk x3  
  94  7:38  Mutalisk  
  94  7:40  Overlord  
  89  7:44  Mutalisk  
  90  7:53  Queen  
  90  7:54  Overlord, Drone x4  
  90  7:55  Overlord x2  
  90  7:56  Mutalisk  
  98  8:06  Mutalisk x3  
  103  8:15  Mutalisk  
  103  8:19  Mutalisk  
  105  8:24  Overlord  
  105  8:25  Overlord  
  107  8:32  Zerg Flyer Armor Level 2  
  107  8:35  Zergling x8  
  107  8:40  Drone x2  
  110  8:46  Drone  
  110  8:47  Drone  
  111  8:51  Mutalisk  
  113  9:00  Overlord  
  113  9:02  Mutalisk x3  
  118  9:10  Mutalisk x2  
  122  9:17  Mutalisk  
  120  9:26  Mutalisk  
  120  9:29  Drone x9  
  127  9:41  Baneling  
  127  9:42  Baneling, Mutalisk x2  
  131  9:46  Queen  
  131  9:51  Mutalisk  
  135  9:58  Overlord  
  135  9:59  Mutalisk  
  137  10:07  Mutalisk  
  137  10:09  Overlord x2  
  137  10:10  Drone  
  139  10:22  Mutalisk  
  139  10:23  Mutalisk x2  
  139  10:27  Queen  
  146  10:28  Zergling x2  
  146  10:29  Zergling x14  
  149  10:48  Mutalisk x3  
  139  11:02  Zergling x10  
  139  11:03  Zergling x12  
  140  11:11  Mutalisk  
  135  11:17  Mutalisk  
  135  11:18  Mutalisk x3  
  137  11:23  Zergling x2  
  134  11:26  Hatchery  
Tags
 
Add a new tag
Caveats
  • Supply blocks, unpowered buildings, or Contaminate may cause inaccurate times.
  • Supply counts are checked every 10 seconds.